 Dungeon Crawl Stone Soup version 0.23.2-33-g5129a83184 (webtiles) character file.

Game seed: 17413593398888005892

1982 TrebMcFLY the Basher (level 9, -7/56 HPs)
             Began as a Gargoyle Fighter on July 15, 2019.
             Shot with an arrow by a centaur (17 damage)
             ... on level 6 of the Dungeon.
             The game lasted 00:20:21 (7427 turns).

TrebMcFLY the Basher (Gargoyle Fighter)             Turns: 7427, Time: 00:20:22

Health: -7/56      AC:  0    Str: 24    XL:     9   Next: 20%
Magic:  11/11      EV: 14    Int:  8    God:
Gold:   352        SH:  0    Dex:  9    Spells: 8/8 levels left

rFire    . . .     SeeInvis .   (weapon currently unavailable)
rCold    . . .     Gourm    .   (shield currently unavailable)
rNeg     + . .     Faith    .   (armour currently unavailable)
rPois    ∞         Spirit   .   (helmet currently unavailable)
rElec    .         Reflect  .   (cloak currently unavailable)
rCorr    .         Harm     .   (gloves currently unavailable)
MR       .....                  (boots currently unavailable)
Stlth    +.........             (no amulet)
HPRegen  0.18/turn              (ring currently unavailable)
MPRegen  0.12/turn              (ring currently unavailable)

@: pig-form, very quick
A: small, negative energy resistance 1, petrification resistance, rot immunity,
AC +6
a: no special abilities


You were on level 6 of the Dungeon.
You were hungry.
You were a filthy swine.
You visited 1 branch of the dungeon, and saw 7 of its levels.

You collected 352 gold pieces.

Inventory:

Hand Weapons
 a - a +0 flail (melded)
 b - a +1 whip of distortion
Missiles
 r - 5 javelins (quivered)
Armour
 c - a +0 shield (melded)
 x - a +0 cloak (melded)
 E - a +0 plate armour (melded)
Jewellery
 q - a cursed -3 ring of dexterity (melded)
 A - an uncursed ring of magical power
Wands
 j - a wand of polymorph (8)
 w - a wand of flame (16)
 y - a wand of acid (5)
Scrolls
 e - a scroll of noise {unknown}
 g - a scroll of magic mapping {unknown}
 h - 7 scrolls of identify
 l - a scroll of blinking
 m - a scroll of enchant weapon {unknown}
 s - 2 scrolls of teleportation {unknown}
 u - 4 scrolls of remove curse {unknown}
 z - 2 scrolls of fog {unknown}
 C - a scroll of vulnerability {unknown}
Potions
 d - 4 potions of might
 i - a potion of flight
 k - 2 potions of heal wounds
 n - 3 potions of magic
 o - a potion of berserk rage
 p - 2 potions of brilliance
 t - a potion of invisibility {unknown}
 v - a potion of agility
 D - 2 potions of degeneration {unknown}
Comestibles
 f - 17 rations
 B - 4 chunks of flesh


   Skills:
 + Level 6.6 Fighting
 * Level 8.0 Maces & Flails
 + Level 5.1 Armour
 + Level 2.6 Dodging
 + Level 5.0 Shields
 + Level 2.9 Evocations


You had 8 spell levels left.
You didn't know any spells.
Your spell library contained the following spells:

 Spells                   Type           Power        Failure   Level  Hunger
 Confusing Touch          Hex            #.....       41%         1    ##.....
 Summon Small Mammal      Summ           #...         41%         1    ##.....
 Call Imp                 Summ           #.......     54%         2    ###....
 Call Canine Familiar     Summ           #.......     78%         3    ####...
 Confuse                  Hex            #.......     78%         3    ####...
 Gell's Gravitas          Tloc           #.........   78%         3    ####...
 Summon Guardian Golem    Hex/Summ       #.......     78%         3    ####...
 Petrify                  Tmut/Erth      #.......     99%         4    #####..
 Summon Ice Beast         Ice/Summ       #.......     99%         4    #####..
 Summon Lightning Spire   Summ/Air       #.......     99%         4    #####..
 Metabolic Englaciation   Hex/Ice        #.........   100%        5    ######.
 Yara's Violent Unravell  Hex/Tmut       #.........   100%        5    ######.


Dungeon Overview and Level Annotations

Branches:
Dungeon (7/15)
 Temple: D:4-7

Altars:
Ashenzari
Cheibriados
Dithmenos
Elyvilon
Fedhas
Hepliaklqana
Sif Muna
Wu Jian

Annotations:
D:4 Grinder
D:6 Dowan, Duvessa
D:7 Pikel


Innate Abilities, Weirdness & Mutations

You are resistant to torment.
((Your stone body is resilient. (AC +6)))
You are immune to poison.
You resist negative energy. (rN+)
((You are resistant to electric shocks. (rElec)))
((You can survive without breathing.))
You are immune to petrification.
You are immune to rotting.


Message History

Your cursed -3 ring of dexterity melds into your body.
You feel agile.
Duvessa says, "My weaknesses are his strengths!"
Duvessa zaps a wand.
You easily resist.
A centaur comes into view.
The centaur moves out of view.
The centaur wields a +0 shortbow.
The centaur shoots an arrow.
The arrow closely misses you.
You see here an arrow.
The centaur shoots an arrow.
The arrow hits you.
You see here an arrow.
The centaur shoots an arrow.
The arrow hits you.
You see here an arrow.
The centaur shoots an arrow.
The arrow closely misses you.
You see here an arrow.
The centaur shoots an arrow.
The arrow hits you!
* * * LOW HITPOINT WARNING * * *
You see here an arrow.
The centaur shoots an arrow.
The arrow hits you!
You die...

#........#.......# ###
#........≈≈(≈≈..######.#
#........≈#(#≈..##.....####
#########.##..#≈#_#≈..##.....#...
#...#.###.##.c#≈#(#≈.............
....^..........≈≈(≈≈.............
.........((((..(......##'#####...
##.######.##..##..##..##....##...
##.######.######h..#.(##.........
#.....#...............(<.........
#.....#.......###'###..#(...##...
#.....#.......# #.# #..#....##...
#######..###..###.###.##....##...
###..##..####.'.._###..#.....'...
.........'....###.###.......##...
.........#....# #.# #.##....##...
.........#....###'###............


You could see a centaur.

Vanquished Creatures
  A black bear (D:3)
  An orc warrior (D:6)
  A necrophage (D:6)
  A phantom (D:4)
  An ice beast (D:7)
  An ogre (D:7)
  2 centaurs
  2 bullfrogs (D:6)
  A scorpion (D:5)
  4 wights (D:7)
  A howler monkey (D:6)
  2 centaur zombies
  A jelly (D:6)
  2 orc priests
  2 hounds
  2 orc wizards (D:7)
  Jessica (D:3)
  2 iguanas
  Ijyb (D:4)
  7 worker ants
  A worker ant zombie (D:5)
  7 gnolls (D:2)
  6 adders
  7 river rats (D:6)
  2 shadow imps
  3 adder skeletons
  A dart slug (D:1)
  6 leopard geckos
  22 orcs
  2 ball pythons
  8 bats
  8 giant cockroaches
  10 goblins
  12 hobgoblins
  7 jackals
  12 kobolds
  7 quokkas
  A ball python zombie (D:5)
  3 frilled lizards
  2 jackal skeletons
  2 leopard gecko skeletons (D:5)
  A quokka zombie (D:6)
  12 rats
178 creatures vanquished.

Notes
Turn   | Place    | Note
-------+----------+-------------------------------------------
     0 | D:1      | TrebMcFLY the Gargoyle Fighter began the quest for the Orb.
     0 | D:1      | Reached XP level 1. HP: 14/14 MP: 1/1
    83 | D:1      | Reached XP level 2. HP: 17/19 MP: 2/2
   458 | D:1      | Reached skill level 3 in Maces & Flails
   472 | D:1      | Reached XP level 3. HP: 24/24 MP: 3/3
  1176 | D:2      | Reached XP level 4. HP: 26/29 MP: 4/4
  1546 | D:2      | Reached skill level 4 in Maces & Flails
  1634 | D:2      | Reached XP level 5. HP: 16/34 MP: 5/5
  2056 | D:3      | Noticed a black bear
  2257 | D:3      | Noticed Jessica
  2264 | D:3      | Killed Jessica
  2587 | D:3      | Reached skill level 5 in Maces & Flails
  2685 | D:3      | Reached XP level 6. HP: 34/40 MP: 6/6
  2786 | D:4      | Noticed Grinder
  2958 | D:3      | Reached skill level 5 in Fighting
  3072 | D:3      | Found a white marble altar of Elyvilon.
  3149 | D:3      | Killed a black bear
  3453 | D:4      | Found a blossoming altar of Fedhas.
  3469 | D:4      | Noticed Ijyb
  3477 | D:4      | Killed Ijyb
  3504 | D:4      | Reached skill level 6 in Maces & Flails
  3504 | D:4      | Reached XP level 7. HP: 44/44 MP: 7/7
  3919 | D:4      | Reached skill level 1 in Evocations
  4146 | D:4      | Reached skill level 1 in Dodging
  4163 | D:4      | Found a hazy altar of Hepliaklqana.
  4256 | D:4      | Paralysed by Grinder for 2 turns
  4420 | D:5      | Entered Level 5 of the Dungeon
  4591 | D:5      | Found a snail-covered altar of Cheibriados.
  5248 | D:5      | Reached XP level 8. HP: 48/51 MP: 7/9
  5383 | D:5      | Found an ornate altar of the Wu Jian Council.
  5542 | D:6      | Found a deep blue altar of Sif Muna.
  5576 | D:6      | Found a shattered altar of Ashenzari.
  5769 | D:6      | You fall through a shaft!
  5874 | D:7      | Reached skill level 7 in Maces & Flails
  6370 | D:7      | Noticed Pikel
  7044 | D:6      | Reached XP level 9. HP: 56/56 MP: 10/10
  7141 | D:6      | Reached skill level 5 in Armour
  7161 | D:6      | Found a shadowy altar of Dithmenos.
  7334 | D:6      | Reached skill level 5 in Shields
  7376 | D:6      | Reached skill level 8 in Maces & Flails
  7383 | D:6      | Noticed Duvessa
  7384 | D:6      | Noticed Dowan
  7427 | D:6      | Shot with an arrow by a centaur

Skill      XL: |  1  2  3  4  5  6  7  8  9 |
---------------+----------------------------+-----
Maces & Flails | 3 4 5 6 7 8 |  8.0
Fighting       | 4 5 6 |  6.6
Evocations     | 1 2 |  2.9
Dodging        | 1 2 |  2.6
Shields        | 4 5 |  5.0
Armour         | 4 5 |  5.1

Action                   |  1- 3 |  4- 6 |  7- 9 || total
-------------------------+-------+-------+-------++-------
Melee: Flail             |   167 |   215 |   499 ||   881
  Use: Scroll            |       |     5 |     2 ||     7
  Eat: Chunk             |     1 |     7 |    14 ||    22
Armor: Scale mail        |    84 |   159 |   159 ||   402
       Plate armour      |       |       |    90 ||    90
Dodge: Dodged            |    71 |    84 |   138 ||   293
Block: Shield            |    99 |   139 |   252 ||   490
